% Time on Ice - LONG BEACH BARACUDAS
Lines # - Real PCT - Wanted PCT - Time Play
Normal Forward
1 - 35% - 34% - 17:19
2 - 35% - 34% - 17:07
3 - 22% - 22% - 10:45
4 - 8% - 10% - 3:50
Normal Defense
1 - 40% - 36% - 19:26
2 - 29% - 31% - 14:01
3 - 26% - 23% - 12:51
4 - 6% - 10% - 2:43
PP Forward
1 - 54% - 55% - 5:19
2 - 46% - 45% - 4:36
PP Defense
1 - 52% - 55% - 5:08
2 - 48% - 45% - 4:47
PK Forward
1 - 56% - 55% - 0:36
2 - 44% - 45% - 0:28
PK Defense
1 - 44% - 55% - 0:28
2 - 56% - 45% - 0:36
PK3 Forward
1 - 0% - 55%
2 - 0% - 45%
PK3 Defense
1 - 0% - 55%
2 - 0% - 45%
44 Forward
1 - 0% - 55%
2 - 0% - 45%
44 Defense
1 - 0% - 55%
2 - 0% - 45%
Last Minute Offensive  - 0:00
Last Minute Defensive  - 0:00
Total
Forward - 60:00
Defense - 60:00
% Time on Ice - ANCHORAGE ACES
Lines # - Real PCT - Wanted PCT - Time Play
Normal Forward
1 - 35% - 35% - 17:09
2 - 35% - 35% - 17:24
3 - 22% - 22% - 10:56
4 - 7% - 8% - 3:32
Normal Defense
1 - 37% - 35% - 18:01
2 - 33% - 32% - 16:06
3 - 29% - 26% - 14:06
4 - 2% - 7% - 0:48
PP Forward
1 - 44% - 55% - 0:28
2 - 56% - 45% - 0:36
PP Defense
1 - 56% - 55% - 0:36
2 - 44% - 45% - 0:28
PK Forward
1 - 56% - 55% - 5:35
2 - 44% - 45% - 4:20
PK Defense
1 - 58% - 55% - 5:43
2 - 42% - 45% - 4:12
PK3 Forward
1 - 0% - 55%
2 - 0% - 45%
PK3 Defense
1 - 0% - 55%
2 - 0% - 45%
44 Forward
1 - 0% - 55%
2 - 0% - 45%
44 Defense
1 - 0% - 55%
2 - 0% - 45%
Last Minute Offensive  - 0:00
Last Minute Defensive  - 0:00
Total
Forward - 60:00
Defense - 60:00
Play-by-Play 1st period 0:01 of 1st period - Brock Nelson wins face-off versus Connor McDavid in neutral zone. 0:22 of 1st period - Shot by Connor McDavid. 0:22 of 1st period - Stopped by Jake Oettinger with a rebound. 0:42 of 1st period - Shot by Brock Nelson. 0:42 of 1st period - Goal by Brock Nelson - LONG BEACH BARACUDAS : 1 - ANCHORAGE ACES : 0. 0:43 of 1st period - Phillip Danault wins face-off versus Joshua Norris in neutral zone. 1:06 of 1st period - Icing by Patrik Nemeth. 1:07 of 1st period - Derek Stepan wins face-off versus Nathan MacKinnon in ANCHORAGE ACES zone. 1:11 of 1st period - Icing by Phillip Danault. 1:12 of 1st period - Phillip Danault wins face-off versus Derek Stepan in ANCHORAGE ACES zone. 1:28 of 1st period - Shot by Nathan MacKinnon. 1:28 of 1st period - Stopped by Jake Oettinger without a rebound. 1:29 of 1st period - Charlie Coyle wins face-off versus Victor Rask in LONG BEACH BARACUDAS zone. 2:35 of 1st period - Off-side. 2:36 of 1st period - Connor McDavid wins face-off versus Jakub Voracek in neutral zone. 2:45 of 1st period - Shot by Connor McDavid. 2:45 of 1st period - Stopped by Jake Oettinger without a rebound. 2:46 of 1st period - Joshua Norris wins face-off versus Phillip Danault in LONG BEACH BARACUDAS zone. 2:53 of 1st period - Shot by Jakub Voracek. 2:53 of 1st period - Shot Misses the Net. 3:07 of 1st period - Shot by Jakub Voracek. 3:07 of 1st period - Stopped by James Reimer without a rebound. 3:08 of 1st period - Connor McDavid wins face-off versus Brock Nelson in ANCHORAGE ACES zone. 3:30 of 1st period - Shot by Connor McDavid. 3:30 of 1st period - Stopped by Jake Oettinger with a rebound. 3:42 of 1st period - Shot by Brock Nelson. 3:42 of 1st period - Stopped by James Reimer without a rebound. 3:43 of 1st period - Derek Stepan wins face-off versus Phillip Danault in ANCHORAGE ACES zone. 3:43 of 1st period - Alex Pietrangelo is hit by Carl Gunnarsson and loses puck. 3:45 of 1st period - Minor Penalty to Seth Jones for Roughing. 3:46 of 1st period - Victor Rask wins face-off versus Phillip Danault in ANCHORAGE ACES zone. 4:02 of 1st period - Shot by Victor Rask. 4:02 of 1st period - Stopped by James Reimer without a rebound. 4:03 of 1st period - Charlie Coyle wins face-off versus Brock Nelson in ANCHORAGE ACES zone. 4:03 of 1st period - Charlie Coyle is hit by Jake Gardiner. 4:27 of 1st period - Shot by Jakub Voracek. 4:27 of 1st period - Shot Misses the Net. 5:07 of 1st period - Shot by J.T. Compher. 5:07 of 1st period - Stopped by James Reimer without a rebound. 5:08 of 1st period - Charlie Coyle wins face-off versus Victor Rask in ANCHORAGE ACES zone. 5:24 of 1st period - J.T. Compher is hit by Phillip Danault and loses puck. 5:35 of 1st period - Shot by J.T. Compher. 5:35 of 1st period - Shot Blocked by Zachary Werenski. 5:37 of 1st period - Shot by Robert Fabbri. 5:37 of 1st period - Stopped by James Reimer with a rebound. 6:41 of 1st period - Zachary Werenski is hit by Max Domi. 6:45 of 1st period - Shot by Nate Thompson. 6:45 of 1st period - Stopped by Jake Oettinger without a rebound. 6:46 of 1st period - Phillip Danault wins face-off versus Jaden Schwartz in LONG BEACH BARACUDAS zone. 6:51 of 1st period - Shot by Chris Kreider. 6:51 of 1st period - Stopped by Jake Oettinger without a rebound. 6:52 of 1st period - Joshua Norris wins face-off versus Brad Richardson in LONG BEACH BARACUDAS zone. 6:52 of 1st period - Joshua Norris is hit by Cedric Paquette. 6:57 of 1st period - Icing by Jaden Schwartz. 6:58 of 1st period - Phillip Danault wins face-off versus Joshua Norris in LONG BEACH BARACUDAS zone. 7:02 of 1st period - Nathan MacKinnon is hit by Michael Del Zotto and loses puck. 7:12 of 1st period - Icing by Jaden Schwartz. 7:13 of 1st period - Charlie Coyle wins face-off versus Joshua Norris in LONG BEACH BARACUDAS zone. 7:28 of 1st period - Shot by Joshua Norris. 7:28 of 1st period - Shot Misses the Net. 7:40 of 1st period - Minor Penalty to Jordan Martinook for Hooking. 7:41 of 1st period - Victor Rask wins face-off versus Phillip Danault in ANCHORAGE ACES zone. 8:00 of 1st period - Shot by Joshua Norris. 8:00 of 1st period - Stopped by James Reimer with a rebound. 8:10 of 1st period - Shot by Joshua Norris. 8:10 of 1st period - Shot Blocked by Patrik Nemeth. 8:26 of 1st period - Carl Gunnarsson is hit by Taylor Hall and loses puck. 9:17 of 1st period - Shot by Joshua Norris. 9:17 of 1st period - Stopped by James Reimer without a rebound. 9:18 of 1st period - Victor Rask wins face-off versus Phillip Danault in ANCHORAGE ACES zone. 9:23 of 1st period - Shot by Robert Fabbri. 9:23 of 1st period - Stopped by James Reimer with a rebound. 9:25 of 1st period - Shot by Jaden Schwartz. 9:25 of 1st period - Shot Misses the Net. 9:27 of 1st period - Shot by Joshua Norris. 9:27 of 1st period - Shot Misses the Net. 9:29 of 1st period - Shot by Jake Gardiner. 9:29 of 1st period - Stopped by James Reimer without a rebound. 9:30 of 1st period - Phillip Danault wins face-off versus Brock Nelson in ANCHORAGE ACES zone. 10:02 of 1st period - Shot by Connor McDavid. 10:02 of 1st period - Shot Misses the Net. 10:16 of 1st period - Shot by Victor Rask. 10:16 of 1st period - Goal by Victor Rask - LONG BEACH BARACUDAS : 2 - ANCHORAGE ACES : 0. 10:17 of 1st period - Phillip Danault wins face-off versus Brock Nelson in neutral zone. 10:30 of 1st period - Shot by Phillip Danault. 10:30 of 1st period - Shot Misses the Net. 11:22 of 1st period - Off-side. 11:23 of 1st period - Charlie Coyle wins face-off versus Derek Stepan in neutral zone. 11:58 of 1st period - Shot by Max Domi. 11:58 of 1st period - Shot Misses the Net. 12:19 of 1st period - Minor Penalty to Patrik Nemeth for Hooking. 12:20 of 1st period - Victor Rask wins face-off versus Phillip Danault in ANCHORAGE ACES zone. 12:29 of 1st period - Shot by Jaden Schwartz. 12:29 of 1st period - Stopped by James Reimer without a rebound. 12:30 of 1st period - Phillip Danault wins face-off versus Taylor Hall in ANCHORAGE ACES zone. 12:36 of 1st period - Icing by Taylor Hall. 12:37 of 1st period - Phillip Danault wins face-off versus Brock Nelson in LONG BEACH BARACUDAS zone. 13:25 of 1st period - Ben Chiarot is hit by Jakub Voracek and loses puck. 13:38 of 1st period - Shot by Robert Fabbri. 13:38 of 1st period - Shot Misses the Net. 13:40 of 1st period - Shot by J.T. Compher. 13:40 of 1st period - Shot Misses the Net. 13:58 of 1st period - Shot by J.T. Compher. 13:58 of 1st period - Stopped by James Reimer without a rebound. 13:59 of 1st period - Phillip Danault wins face-off versus Victor Rask in ANCHORAGE ACES zone. 14:14 of 1st period - Shot by J.T. Compher. 14:14 of 1st period - Stopped by James Reimer without a rebound. 14:15 of 1st period - Brock Nelson wins face-off versus Phillip Danault in ANCHORAGE ACES zone. 14:20 of 1st period - Shot by J.T. Compher. 14:20 of 1st period - Shot Misses the Net. 14:22 of 1st period - Shot by Max Domi. 14:22 of 1st period - Shot Misses the Net. 15:21 of 1st period - Off-side. 15:22 of 1st period - Brock Nelson wins face-off versus Brad Richardson in neutral zone. 15:30 of 1st period - Icing by Ben Chiarot. 15:31 of 1st period - Joshua Norris wins face-off versus Brad Richardson in ANCHORAGE ACES zone. 15:52 of 1st period - Shot by Cedric Paquette. 15:52 of 1st period - Stopped by Jake Oettinger without a rebound. 15:53 of 1st period - Nathan MacKinnon wins face-off versus Brock Nelson in LONG BEACH BARACUDAS zone. 15:56 of 1st period - Shot by Phillip Danault. 15:56 of 1st period - Stopped by Jake Oettinger without a rebound. 15:57 of 1st period - Phillip Danault wins face-off versus Brock Nelson in LONG BEACH BARACUDAS zone. 16:00 of 1st period - Shot by Phillip Danault. 16:00 of 1st period - Stopped by Jake Oettinger without a rebound. 16:01 of 1st period - Phillip Danault wins face-off versus Brock Nelson in LONG BEACH BARACUDAS zone. 16:03 of 1st period - Nathan MacKinnon is hit by Michael Del Zotto. 16:10 of 1st period - Robert Fabbri is hit by Seth Jones and loses puck. 16:13 of 1st period - Shot by Taylor Hall. 16:13 of 1st period - Stopped by James Reimer without a rebound. 16:14 of 1st period - Connor McDavid wins face-off versus Joshua Norris in ANCHORAGE ACES zone. 16:29 of 1st period - Icing by Connor McDavid. 16:30 of 1st period - Connor McDavid wins face-off versus Robert Fabbri in ANCHORAGE ACES zone. 16:56 of 1st period - Shot by Josh Bailey. 16:56 of 1st period - Goal by Josh Bailey - LONG BEACH BARACUDAS : 2 - ANCHORAGE ACES : 1. 16:57 of 1st period - Joshua Norris wins face-off versus Phillip Danault in neutral zone. 16:57 of 1st period - Jaden Schwartz is hit by Phillip Danault and loses puck. 17:14 of 1st period - Shot by Chris Kreider. 17:14 of 1st period - Stopped by Jake Oettinger without a rebound. 17:15 of 1st period - Brock Nelson wins face-off versus Charlie Coyle in LONG BEACH BARACUDAS zone. 17:20 of 1st period - P.K. Subban is hit by Jordan Martinook and loses puck. 17:27 of 1st period - Shot by Charlie Coyle. 17:27 of 1st period - Shot Blocked by P.K. Subban. 17:29 of 1st period - Shot by Artturi Lehkonen. 17:29 of 1st period - Shot Blocked by P.K. Subban. 17:35 of 1st period - Shot by Zachary Werenski. 17:35 of 1st period - Shot Misses the Net. 18:15 of 1st period - Shot by Nathan MacKinnon. 18:15 of 1st period - Stopped by Jake Oettinger without a rebound. 18:16 of 1st period - Connor McDavid wins face-off versus Jaden Schwartz in LONG BEACH BARACUDAS zone. 18:19 of 1st period - Shot by Connor McDavid. 18:19 of 1st period - Shot Blocked by Michael Del Zotto. 19:39 of 1st period - Off-side. 19:40 of 1st period - Jordan Martinook wins face-off versus Brock Nelson in neutral zone. 19:53 of 1st period - Shot by Robert Fabbri. 19:53 of 1st period - Deflect By Brock Nelson. 19:53 of 1st period - Shot Misses the Net. Goals for this period are 2 for LONG BEACH BARACUDAS vs 1 for ANCHORAGE ACES. Shots for this period are 15 for LONG BEACH BARACUDAS vs 12 for ANCHORAGE ACES. 2nd period 0:01 of 2nd period - Phillip Danault wins face-off versus Joshua Norris in neutral zone. 0:29 of 2nd period - Shot by Nathan MacKinnon. 0:29 of 2nd period - Stopped by Jake Oettinger without a rebound. 0:30 of 2nd period - Brock Nelson wins face-off versus Connor McDavid in LONG BEACH BARACUDAS zone. 0:49 of 2nd period - Shot by Brock Nelson. 0:49 of 2nd period - Stopped by James Reimer without a rebound. 0:50 of 2nd period - Phillip Danault wins face-off versus Joshua Norris in ANCHORAGE ACES zone. 1:01 of 2nd period - Shot by Joshua Norris. 1:01 of 2nd period - Shot Blocked by Seth Jones. 1:03 of 2nd period - Shot by Jaden Schwartz. 1:03 of 2nd period - Shot Misses the Net. 1:08 of 2nd period - Jaden Schwartz is hit by Ben Chiarot and loses puck. 2:08 of 2nd period - Shot by Robert Fabbri. 2:08 of 2nd period - Shot Blocked by Zachary Werenski. 2:10 of 2nd period - Shot by Michael Del Zotto. 2:10 of 2nd period - Stopped by James Reimer without a rebound. 2:11 of 2nd period - Derek Stepan wins face-off versus Charlie Coyle in ANCHORAGE ACES zone. 2:40 of 2nd period - Shot by Charlie Coyle. 2:40 of 2nd period - Stopped by Jake Oettinger without a rebound. 2:41 of 2nd period - Brock Nelson wins face-off versus Josh Bailey in LONG BEACH BARACUDAS zone. 2:41 of 2nd period - Robert Fabbri is hit by Nikolaj Ehlers. 3:33 of 2nd period - Icing by Patrik Nemeth. 3:34 of 2nd period - Connor McDavid wins face-off versus Joshua Norris in ANCHORAGE ACES zone. 3:36 of 2nd period - Icing by Nikolaj Ehlers. 3:37 of 2nd period - Connor McDavid wins face-off versus Joshua Norris in ANCHORAGE ACES zone. 3:42 of 2nd period - Patrik Nemeth is hit by Joshua Norris. 4:04 of 2nd period - Shot by Nathan MacKinnon. 4:04 of 2nd period - Stopped by Jake Oettinger without a rebound. 4:05 of 2nd period - Derek Stepan wins face-off versus Phillip Danault in LONG BEACH BARACUDAS zone. 4:15 of 2nd period - Off-side. 4:16 of 2nd period - Charlie Coyle wins face-off versus Brock Nelson in neutral zone. 4:26 of 2nd period - Icing by P.K. Subban. 4:27 of 2nd period - Brock Nelson wins face-off versus Phillip Danault in LONG BEACH BARACUDAS zone. 4:45 of 2nd period - Icing by Seth Jones. 4:46 of 2nd period - Phillip Danault wins face-off versus